Construct Medical Station
Construct Weapon Support Center
Construct Weapon Support Center
M1918 Browning Automatic Rifles
Selects Special Operations Battlegroup
Selects M29 Weasel with M1 Pack Howitzer
M3 Armored Personnel Carrier
M29 Weasel with M1 Pack Howitzer
Selects SSF Commando Squad
Improved M9 Bazooka Rockets
M3 Armored Personnel Carrier
Selects Air Re-supply Operation
Selects P-47 Anti-Infantry Loiter
Selects UNKNOWN (2162291)
M18 Hellcat Tank Destroyer